 Dungeon Crawl Stone Soup version 0.26-a0-778-g3fe0686644 (webtiles) character file.

Game seed: 18002115816382464672

24885 strifetoe the Severer (level 13, -3/116 HPs)
             Began as a Hill Orc Fighter on Nov 11, 2020.
             Was a High Priest of Beogh.
             Slain by a manticore (15 damage)
             ... on level 13 of the Dungeon.
             The game lasted 00:36:13 (16861 turns).

strifetoe the Severer (Hill Orc Fighter)           Turns: 16861, Time: 00:36:14

Health: -3/116     AC: 22    Str: 24    XL:     13   Next: 16%
Magic:  24/24      EV:  4    Int: -1    God:    Beogh [*****.]
Gold:   1171       SH:  9    Dex: 10    Spells: 12/12 levels left

rFire    . . .     SeeInvis .   F - +6 war axe
rCold    . . .     Faith    +   c - +0 kite shield
rNeg     + . .     Spirit   .   l - +5 plate armour "Put-Me-On" {rElec Regen+ rCorr Int-5}
rPois    .         Reflect  .   (no helmet)
rElec    +         Harm     .   p - +0 cloak
rCorr    +         Rampage  .   s - +2 pair of gloves
MR       .....                  (no boots)
Stlth    ..........             I - amulet of faith
HPRegen  0.69/turn              o - ring of positive energy
MPRegen  0.19/turn              Q - -4 ring of intelligence (curse)

@: barbed spikes, slowed, lost intelligence, very slow
A: walk on water
a: Smiting, Recall Orcish Followers, Give Item to Named Follower, Renounce
Religion


You were on level 13 of the Dungeon.
You worshipped Beogh.
Beogh was extremely pleased with you.
You visited 1 branch of the dungeon, and saw 13 of its levels.
You also visited: Gauntlet.

You collected 1171 gold pieces.

Inventory:

Hand Weapons
 a - a +0 war axe
 b - a +3 vorpal hand axe
 x - a +2 flail of protection
 F - a +6 war axe (weapon)
 J - a +0 morningstar
Armour
 c - a +0 kite shield (worn)
 j - a +0 plate armour
 l - the +5 plate armour "Put-Me-On" (worn) {rElec Regen+ rCorr Int-5}
   (You found it in a Gauntlet)

   It affects your intelligence (-5).
   It insulates you from electricity.
   It increases your rate of regeneration.
   It provides partial protection from all sources of acid and corrosion.
 p - a +0 cloak (worn)
 s - a +2 pair of gloves (worn)
Jewellery
 f - an uncursed ring of protection from fire
 o - a ring of positive energy (left hand)
 v - a -4 ring of protection
 G - an uncursed amulet of guardian spirit
 I - an amulet of faith (around neck)
 N - an uncursed ring of teleportation
 Q - a cursed -4 ring of intelligence (right hand)
Wands
 w - a wand of flame (18)
 E - a wand of enslavement (20)
 H - a wand of polymorph (10)
 L - a wand of random effects (43)
 O - a wand of iceblast (7)
Scrolls
 d - 2 scrolls of magic mapping
 e - 5 scrolls of identify
 h - 2 scrolls of blinking
 i - 3 scrolls of remove curse
 k - 5 scrolls of enchant weapon
 m - 3 scrolls of fear
 q - 4 scrolls of fog
 r - a scroll of immolation
 y - 5 scrolls of teleportation
 z - a scroll of torment {unknown}
 P - a scroll of enchant armour {unknown}
Potions
 g - 4 potions of attraction
 n - 5 potions of resistance
 t - 2 potions of mutation
 u - a potion of magic
 A - 2 potions of lignification
 B - 4 potions of brilliance
 C - 2 potions of haste
 D - a potion of curing
 K - a potion of experience {unknown}
Miscellaneous
 M - a box of beasts


   Skills:
 - Level 11.1 Fighting
 - Level 18.1 Axes
 + Level 6.7 Armour
 - Level 3.2 Shields
 + Level 15.2 Invocations


You had 12 spell levels left.
You didn't know any spells.
Your spell library contained the following spells:

 Spells                   Type           Power        Failure   Level
 Magic Dart               Conj           #...         100%        1
 Sandblast                Erth           #.....       100%        1
 Blink                    Tloc           N/A          100%        2
 Call Imp                 Summ           #.......     100%        2
 Ensorcelled Hibernation  Hex/Ice        #.....       100%        2
 Slow                     Hex            #.......     100%        2
 Conjure Flame            Conj/Fire      #.......     100%        3
 Mephitic Cloud           Conj/Pois/Air  #.......     100%        3
 Ozocubu's Armour         Ice            #.......     100%        3
 Stone Arrow              Conj/Erth      #.....       100%        3
 Hailstorm                Conj/Ice       #.......     100%        4
 Ice Form                 Ice/Tmut       #.......     100%        4
 Metabolic Englaciation   Hex/Ice        #.........   100%        5
 Freezing Cloud           Conj/Ice/Air   #.........   100%        6
 Ozocubu's Refrigeration  Ice            #.........   100%        6
 Simulacrum               Ice/Necr       #.........   100%        6


Dungeon Overview and Level Annotations

Branches:
Dungeon (13/15)            Temple (0/1) D:4            Lair (0/6) D:9
    Orc (0/2) D:11        Gauntlet (visited)
 Vaults: D:13-14

Altars:
Kikubaaqudgha
Qazlal
Trog
Yredelemnul
The Shining One

Shops:
D:12 (   D:13 *

Portals:
Trove: D:13 (give 7 potions of haste)


Message History

The manticore claws you!
* * * LOW HITPOINT WARNING * * *
You completely miss the manticore.
The manticore is severely wounded.
Your orc wizard mumbles some strange words.
Your orc wizard blinks!
Nordag hits the manticore with a +0 dagger!
The manticore bites you.
* * * LOW HITPOINT WARNING * * *
The manticore claws you!
* * * LOW HITPOINT WARNING * * *
The manticore claws you but does no damage.
Nordag hits the manticore with a +0 dagger!
You barely miss the manticore.
The manticore is almost dead.
Your orc wizard gestures wildly while chanting.
Your orc wizard blinks!
Your orc wizard hits the manticore but does no damage.
The manticore bites you!
You die...

#####.#..## #####
#.......... .....#
#.o........ .....#
##.o....... #....##
##......##.
#....######......##..
#..oo##.....#|......
#§oooo............#
#o@##.............#
#..4#H##...#..........
...._
oZ###.##..........
#.#. ##.#
#####......... #.. #o#
#.......##.. .. ###..#
#.......###. # #
....### #.......# ##
#. ##.....# ####.4.##
## #.####.....##
#..)...###.


You could see a manticore, a bullfrog zombie, the friendly Urtork the orc
knight, a friendly orange demon (summoned), the friendly Nordag the orc sorcerer
(strong), a friendly orc warrior (strong), 3 friendly orc wizards and 3 friendly
orcs.

Vanquished Creatures
  A minotaur (Gauntlet)
  Snorg (D:13)
  Josephine (D:11)
  A centaur warrior (D:11)
  A catoblepas (D:13)
  A hydra (D:11)
  A ghost crab (Gauntlet)
  A two-headed ogre (D:10)
  A fire crab (Gauntlet)
  An unseen horror (D:10)
  An ugly thing (D:11)
  A manticore (D:13)
  2 centaur zombies (D:11)
  2 minotaur zombies (Gauntlet)
  A gargoyle (D:11)
  A kobold demonologist (D:11)
  A tengu conjurer (D:13)
  A troll (D:11)
  2 hornets
  6 slime creatures (D:12)
  8 flying skulls (Gauntlet)
  5 wraiths (D:11)
  4 fire bats (Gauntlet)
  2 wyverns
  8 yaks (D:10)
  Grum (D:11)
  A basilisk (D:11)
  A warg (D:11)
  A soldier ant (D:13)
  2 ice beasts
  2 orc warriors
  3 sky beasts
  A necrophage (D:8)
  A phantom (D:8)
  4 ogres
  2 wolves (D:11)
  10 centaurs
  2 big kobolds (D:8)
  5 bullfrogs
  A wyvern zombie (D:6)
  4 scorpions
  7 killer bees
  15 wights
  A howler monkey (D:8)
  2 bullfrog zombies
  6 orc priests
  8 hounds
  7 orc wizards
  A gnoll shaman (D:7)
  4 jellies
  5 bullfrog skeletons
  4 centaur skeletons
  An iguana (D:3)
  8 worker ants
  A hound skeleton (D:10)
  A worker ant zombie (D:12)
  14 gnolls
  10 adders
  3 shadow imps
  6 white imps
  2 ufetubi (D:5)
  8 oozes
  2 worms (D:7)
  A dart slug (D:1)
  14 leopard geckos
  17 orcs
  5 giant cockroaches
  2 gnoll zombies (D:9)
  8 goblins
  4 hobgoblins
  2 jackals (D:2)
  7 quokkas
  A ball python (D:4)
  A ball python skeleton (D:4)
  4 bats
  7 frilled lizards
  21 kobolds
  A leopard gecko skeleton (D:4)
  A quokka zombie (D:7)
  6 rats
314 creatures vanquished.

Vanquished Creatures (collateral kills)
  2 centaur warriors (D:13)
  Erolcha (D:10)
  2 two-headed ogres (D:13)
  An unseen horror (D:13)
  An ugly thing (D:11)
  A centaur zombie (D:11)
  A komodo dragon (D:13)
  2 trolls
  2 wraiths
  A yak (D:10)
  A soldier ant (D:13)
  A warg (D:11)
  A hornet zombie (D:13)
  2 ogres
  An eye of draining (D:13)
  2 centaurs (D:13)
  2 big kobolds
  2 bullfrogs
  A scorpion (D:11)
  5 wights
  3 killer bees (D:11)
  2 bullfrog zombies
  2 orc priests
  3 orc wizards
  A worker ant (D:11)
  4 adders
  A white imp (D:9)
  An orc (D:8)
  A quokka (D:8)
  2 kobolds (D:13)
52 creatures vanquished.

Vanquished Creatures (others)
  An orc warrior (D:11)
  3 orc priests
  3 orc wizards
  10 orcs
  3 fungi (D:9)
  7 plants
27 creatures vanquished.

Grand Total: 393 creatures vanquished

Notes
Turn   | Place    | Note
-------+----------+-------------------------------------------
     0 | D:1      | strifetoe the Hill Orc Fighter began the quest for the Orb.
     0 | D:1      | Reached XP level 1. HP: 19/19 MP: 1/1
   112 | D:1      | Reached skill level 3 in Axes
   167 | D:2      | Reached XP level 2. HP: 17/26 MP: 2/2
   179 | D:1      | Reached skill level 4 in Axes
   449 | D:1      | Reached XP level 3. HP: 16/31 MP: 3/3
   650 | D:2      | Reached skill level 5 in Axes
   748 | D:2      | Reached XP level 4. HP: 20/39 MP: 4/4
  1009 | D:2      | Reached skill level 6 in Axes
  1115 | D:4      | Reached XP level 5. HP: 30/45 MP: 5/5
  1317 | D:5      | Entered Level 5 of the Dungeon
  1324 | D:5      | Reached skill level 7 in Axes
  1456 | D:5      | Became a worshipper of Beogh the Brigand
  2461 | D:2      | Reached skill level 1 in Invocations
  2609 | D:3      | Reached XP level 6. HP: 40/51 MP: 7/7
  2736 | D:3      | Noticed an ice beast
  2746 | D:3      | Killed an ice beast
  2746 | D:3      | Reached * piety under Beogh
  2746 | D:3      | Reached skill level 8 in Axes
  3403 | D:4      | Reached XP level 7. HP: 49/57 MP: 10/10
  3480 | D:4      | Found a staircase to the Ecumenical Temple.
  4137 | D:3      | Reached skill level 9 in Axes
  4137 | D:3      | Reached skill level 5 in Invocations
  5217 | D:5      | Reached XP level 8. HP: 54/64 MP: 12/12
  5558 | D:5      | Reached skill level 10 in Axes
  5930 | D:6      | Found a glowing golden altar of the Shining One.
  5953 | D:6      | Reached ** piety under Beogh
  6606 | D:6      | Reached skill level 11 in Axes
  7018 | D:7      | Reached XP level 9. HP: 60/70 MP: 15/15
  7215 | D:6      | Reached skill level 12 in Axes
  7785 | D:7      | Noticed a moth of wrath
  7815 | D:7      | Found a bloodstained altar of Trog.
  7836 | D:7      | Reached *** piety under Beogh
  8712 | D:8      | Reached skill level 13 in Axes
  9725 | D:8      | Reached skill level 14 in Axes
 10305 | D:9      | Found a basalt altar of Yredelemnul.
 10722 | D:9      | Gained Orkrul as an ally
 10743 | D:9      | Reached XP level 10. HP: 77/77 MP: 16/16
 10831 | D:9      | Found a staircase to the Lair.
 10860 | D:9      | Reached skill level 15 in Axes
 11106 | D:10     | Entered Level 10 of the Dungeon
 11211 | D:9      | Reached **** piety under Beogh
 11602 | D:10     | Noticed a two-headed ogre
 11607 | D:10     | Killed a two-headed ogre
 11607 | D:10     | Reached skill level 16 in Axes
 11686 | D:10     | Noticed Erolcha
 11694 | D:10     | Killed Erolcha
 11694 | D:10     | Reached skill level 17 in Axes
 12115 | D:10     | Killed an unseen horror
 12115 | D:10     | Reached skill level 18 in Axes
 12115 | D:10     | Reached XP level 11. HP: 76/82 MP: 14/17
 12302 | D:11     | Found a gate leading to a gauntlet.
 12302 | D:11     | Noticed a purple ugly thing
 12312 | D:11     | Killed a purple ugly thing
 12320 | Gauntlet | Entered a Gauntlet
 12320 | Gauntlet | Found a transporter.
 12320 | Gauntlet | Found a transporter.
 12321 | Gauntlet | Found a transporter.
 12324 | Gauntlet | Found a transporter.
 12324 | Gauntlet | Found a transporter.
 12324 | Gauntlet | Found a transporter.
 12326 | Gauntlet | Noticed a sixfirhy
 12334 | Gauntlet | Found a transporter.
 12337 | Gauntlet | Noticed a sixfirhy
 12338 | Gauntlet | Found a transporter.
 12338 | Gauntlet | Found a transporter.
 12338 | Gauntlet | Found a transporter.
 12338 | Gauntlet | Noticed a sixfirhy
 12342 | Gauntlet | Noticed a sixfirhy
 12347 | Gauntlet | Noticed an orange crystal statue
 12348 | Gauntlet | Found a transporter.
 12349 | Gauntlet | Found a transporter.
 12359 | Gauntlet | Noticed a ghost crab
 12376 | Gauntlet | Noticed a fire crab
 12420 | Gauntlet | Reached skill level 5 in Fighting
 12425 | Gauntlet | Killed a fire crab
 12425 | Gauntlet | Reached skill level 10 in Invocations
 12833 | Gauntlet | Got a bronze plate armour
 12836 | Gauntlet | Got a shimmering cloak
 12993 | Gauntlet | Identified the +5 plate armour "Put-Me-On" {rElec Regen+
                  | rCorr Int-5} (You found it in a Gauntlet)
 13003 | Gauntlet | Identified the cursed -7 cloak of Fyngashro {Rampage SInv}
                  | (You found it in a Gauntlet)
 13171 | Gauntlet | Killed a ghost crab
 13220 | Gauntlet | Noticed a minotaur
 13245 | Gauntlet | Killed a minotaur
 13333 | Gauntlet | Identified the Papyrus of Cold and Earth
 13426 | D:11     | Noticed Josephine
 13432 | D:11     | Killed Josephine
 13432 | D:11     | Reached XP level 12. HP: 103/103 MP: 18/21
 13490 | D:11     | Found a stormy altar of Qazlal.
 13544 | D:11     | Noticed a centaur warrior
 13563 | D:11     | Killed a centaur warrior
 13697 | D:11     | Found a staircase to the Orcish Mines.
 13703 | D:11     | Reached ***** piety under Beogh
 13813 | D:11     | Noticed Grum
 13833 | D:11     | Killed Grum
 13905 | D:11     | Noticed a six-headed hydra
 13911 | D:11     | Killed a six-headed hydra
 13911 | D:11     | Reached skill level 10 in Fighting
 13988 | D:11     | Noticed Nergalle
 13994 | D:11     | Your ally Orkrul died
 14599 | D:12     | Found Foijokk's Weapon Shoppe.
 16060 | D:12     | Got an ancient scimitar
 16153 | D:13     | Lost intelligence.
 16193 | D:13     | Noticed a two-headed ogre
 16201 | D:13     | Killed a two-headed ogre
 16219 | D:13     | Gained Urtork as an ally
 16222 | D:13     | Noticed a catoblepas
 16235 | D:13     | Killed a catoblepas
 16300 | D:13     | Gained Nordag as an ally
 16326 | D:13     | Noticed a two-headed ogre
 16331 | D:13     | Killed a two-headed ogre
 16334 | D:13     | Identified the +8 scimitar "Peileruf" {drain, rF++} (You
                  | found it on level 12 of the Dungeon)
 16348 | D:13     | Found Wecverheys's Mayhem Merchandise.
 16411 | D:13     | Reached skill level 5 in Armour
 16443 | D:13     | Noticed Snorg
 16450 | D:13     | Killed Snorg
 16450 | D:13     | Reached XP level 13. HP: 92/116 MP: 22/24
 16642 | D:13     | Reached skill level 15 in Invocations
 16778 | D:13     | Found a portal to a secret trove of treasure.
 16842 | D:13     | Found an ancient bone altar of Kikubaaqudgha.
 16861 | D:13     | Slain by a manticore

Illustrated notes

Levels and vault maps discovered:
D:1:      nicolae_arrival_memento_mori, layout_basic
D:2:      layout_rooms
D:3:      layout_basic, serial_bayou_crossing
D:4:      layout_basic, temple_fountains
D:5:      layout_loops_ring, st_stairs_14, hangedman_decor_opposing
D:6:      layout_rooms, tso_metal_star
D:7:      layout_loops_ring, tgw_trog
D:8:      layout_basic, hangedman_decor_riveting, hangedman_little_slice_of_home
D:9:      layout_loops_ring, lemuel_zombie_altar_yredelemnul, dpeg_oklobed_lair
D:10:     layout_roguey, uniq_erolcha
D:11:     minmay_curly_fans, layout_basic, minmay_orc_entry_guard_dogs,
          gauntlet_entry_generic, grunt_qazlal_sundering, uniq_grum,
          uniq_nergalle, uniq_josephine
D:12:     layout_loops_ring, serial_shops, nicolae_shop_crystal
D:13:     layout_cave_pools, trove_entry_hex_spiral, serial_column_ruins,
          column_ruins_hut, column_ruins_square_medium, column_ruins_grid_1,
          column_ruins_grid_1, column_ruins_grid_3, column_ruins_grid_4,
          column_ruins_open_tiny, column_ruins_corridor_corner,
          column_ruins_grid_1, minmay_shop_mayhem, minmay_ruined_shrine,
          uniq_snorg

Skill      XL: |  1  2  3  4  5  6  7  8  9 10 11 12 13 |
---------------+----------------------------------------+-----
Axes           | 3 4 5 6 7 8 9 11 14 18 | 18.1
Invocations    | 2 4 6 9 12 14 15 | 15.2
Fighting       | 8 11 | 11.1
Armour         | 5 6 |  6.7
Shields        | |  3.2

Action                   |  1- 3 |  4- 6 |  7- 9 | 10-12 | 13-15 || total
-------------------------+-------+-------+-------+-------+-------++-------
Melee: War axe           |    92 |   181 |   157 |   452 |    36 ||   918
       Hand axe          |       |       |   381 |       |       ||   381
       Flail             |       |       |       |     4 |       ||     4
Invok: Convert to Beogh  |       |     1 |       |       |       ||     1
       Recall Orcish Fol |       |       |       |     2 |       ||     2
       Smiting           |       |       |       |     3 |       ||     3
       Give Item to Name |       |       |       |     2 |       ||     2
Evoke: Wand              |       |       |     1 |       |       ||     1
  Use: Scroll            |       |     3 |    12 |    15 |       ||    30
       Potion            |       |       |       |     7 |       ||     7
 Stab: Distracted        |       |       |     1 |     1 |     1 ||     3
       Paralysed         |       |       |       |       |     4 ||     4
Armor: Scale mail        |    38 |    66 |    36 |       |       ||   140
       Ice dragon scales |       |       |   146 |    76 |       ||   222
       Plate armour      |       |       |       |   260 |    39 ||   299
Dodge: Dodged            |    20 |    52 |   102 |    96 |     4 ||   274
Block: Kite shield       |    57 |   102 |   187 |   224 |    21 ||   591

Table legend: (Time is in decaauts)
 A = Elapsed time spent in this place.
 B = Non-inter-level travel time spent in this place.
 C = Inter-level travel time spent in this place.
 D = Time resting spent in this place.
 E = Time spent auto-exploring this place.
 F = Levels seen in this place.
 G = Mean time per level.
                   A        B        C        D        E       F      G
               +--------+--------+--------+--------+--------+-----+--------+
         Total |  17141 |  16550 |    591 |   4372 |   8122 |  14 | 1224.4 |
       Dungeon |  16123 |  15532 |    591 |   3682 |   8108 |  13 | 1240.2 |
      Gauntlet |   1018 |   1018 |      0 |    690 |     14 |   1 | 1018.0 |
               +--------+--------+--------+--------+--------+-----+--------+

Top non-repeatable levels by time:
     D:8: 2041 daAuts
    D:12: 1477 daAuts
     D:4: 1316 daAuts
    D:11: 1288 daAuts
     D:1: 1282 daAuts
     D:3: 1239 daAuts
     D:5: 1211 daAuts
     D:9: 1137 daAuts
    D:10: 1103 daAuts
     D:6: 1084 daAuts
    D:13: 1058 daAuts
Gauntlet: 1018 daAuts
     D:7: 971 daAuts
     D:2: 909 daAuts
